 Dungeon Crawl Stone Soup version 0.23-a0-831-g5da158a (webtiles) character file.

1001 Plug the Magician (level 8, 0/34 HPs)
             Began as a Felid Venom Mage on Jan 23, 2019.
             Slain by a wight
             ... wielding a +0 spear
              (2 damage)
             ... on level 7 of the Dungeon.
             The game lasted 00:27:58 (12870 turns).

Plug the Magician (Felid Venom Mage)               Turns: 12870, Time: 00:28:00

Health: 0/34       AC:  4    Str:  6    XL:     8   Next: 0%
Magic:  17/17      EV: 21    Int: 17    God:
Gold:   542        SH:  0    Dex: 16    Spells: 8/18 levels left
                                        Lives:  0   Deaths: 2

rFire    . . .     SeeInvis +     - Unarmed
rCold    . . .     Gourm    .   (shield unavailable)
rNeg     + . .     Faith    .   (armour unavailable)
rPois    .         Spirit   .   (helmet unavailable)
rElec    .         Reflect  .   (cloak unavailable)
rCorr    .         Harm     .   (gloves unavailable)
MR       +....                  (boots unavailable)
Stlth    +++.......             (no amulet)
HPRegen  0.11/turn              p - ring of positive energy
MPRegen  0.15/turn              k - +2 ring of protection

@: drained, quick
A: very small, no armour, no weapons or thrown items, stealth, claws 1, fangs 3,
see invisible, carnivore, speed 1, shaggy fur 2, slow metabolism 1, sharp paws
a: no special abilities


You were on level 7 of the Dungeon.
You were very full.

You visited 1 branch of the dungeon, and saw 7 of its levels.

You collected 542 gold pieces.

Inventory:

Jewellery
 c - an uncursed ring of protection from cold
 k - a +2 ring of protection (right paw)
 l - an uncursed ring of magical power
 m - a +3 ring of strength
 p - a ring of positive energy (left paw)
Wands
 q - a wand of enslavement (11)
 r - a wand of scattershot (5)
 v - a wand of flame (9)
Scrolls
 a - a scroll of fear
 d - 4 scrolls of noise
 g - 8 scrolls of remove curse
 h - 2 scrolls of teleportation {unknown}
 j - a scroll of torment {unknown}
 n - 3 scrolls of blinking
 t - a scroll of amnesia {unknown}
 x - a scroll of fog {unknown}
 y - a scroll of holy word {unknown}
Potions
 e - 4 potions of heal wounds
 f - 2 potions of agility
 i - a potion of invisibility
 o - 4 potions of might
 s - a potion of curing
 u - 3 potions of haste
Comestibles
 b - 10 rations


   Skills:
 * Level 3.4(3.3) Fighting
 + Level 5.5(5.4) Dodging
 - Level 2.6(2.5) Stealth
 * Level 5.3(5.1) Unarmed Combat
 + Level 5.7(5.5) Spellcasting
 - Level 3.0(2.8) Conjurations
 - Level 2.1(1.9) Air Magic
 + Level 5.6(5.5) Poison Magic


You had 8 spell levels left.
You knew the following spells:

 Your Spells              Type           Power        Failure   Level  Hunger
a - Sting                 Conj/Pois      ###.         2%          1    None
b - Poisonous Vapours     Pois/Air       ###...       4%          2    #......
c - Mephitic Cloud        Conj/Pois/Air  ###.....     10%         3    ##.....
d - Olgreb's Toxic Radia  Pois           ###.....     14%         4    ####...

Your spell library contained the following spells:

 Spells                   Type           Power        Failure   Level  Hunger
 Magic Dart               Conj           ##..         4%          1    None
 Spider Form              Tmut/Pois      ##........   13%         3    ##.....
 Beastly Appendage        Tmut           #.....       14%         1    None
 Blink                    Tloc           N/A          21%         2    #......
 Call Imp                 Summ           #.......     21%         2    #......
 Slow                     Hex            #.......     21%         2    #......
 Sticks to Snakes         Tmut           #.......     21%         2    #......
 Conjure Flame            Conj/Fire      #.......     22%         3    ##.....
 Venom Bolt               Conj/Pois      ###.......   54%         5    ######.
 Ice Form                 Ice/Tmut       #.......     80%         4    ####...
 Blade Hands              Tmut           #.........   98%         5    ######.


Dungeon Overview and Level Annotations

Branches:
Dungeon (7/15)             Temple (0/1) D:7

Altars:
Kikubaaqudgha
Qazlal
Sif Muna
Vehumet
Xom
The Shining One

Shops:
D:6 (

Annotations:
D:2 exclusion: downstairs
D:6 2 runed doors, exclusion: downstairs, Gildeon's ghost, novice DEFE


Innate Abilities, Weirdness & Mutations

You cannot wear armour.
You are incapable of wielding weapons or throwing items.
Your paws allow you to move quietly. (Stealth)
You have sharp claws.
You have razor-sharp teeth.
You have supernaturally acute eyesight. (SInv)
You are carnivorous and can eat meat at any time.
You cover ground quickly.
You are covered in thick fur. (AC +2)
You have a slow metabolism.
Your sharp claws are effective at attacking unaware monsters.


Message History

The wight barely misses you.
The wight hits you with a cursed +0 long sword.
You are too injured to fight recklessly!
You are too injured to fight recklessly!
You are too injured to fight recklessly!
You are too injured to fight recklessly!
You scratch the wight.
The wight is almost destroyed.
The wight misses you.
You closely miss the wight.
The wight is almost destroyed.
The wight misses you.
The wight hits you from afar with a +0 spear.
You barely miss the wight.
The wight is almost destroyed.
The wight barely misses you. The wight closely misses you.
The wight hits you from afar with a +0 spear!
* * * LOW HITPOINT WARNING * * *
You partially resist.
You feel drained.
You die...

..... ................###
..#..#.##........#......# .###
.........#..##.###..
###############.....##.. ###
.............#......##.. ..#
#..z#...#...#........#.. ..#
....................#... ..#
#...#z..#...#........... .##
.....zz@.....#..........
..####################..####.....
#..................#.##..##......
.#..#...####..........#.##..#....
.##.###..##.............#...###..
.....#...........#..........###..
..........8.............#.#..#...
..........>.........(...#........
.####.....8.............##.......


You could see 4 wights.

Vanquished Creatures
  A black bear (D:6)
  A phantom (D:6)
  An ogre (D:3)
  A sky beast (D:7)
  3 centaurs
  3 scorpions
  A howler monkey (D:4)
  2 crimson imps
  A centaur zombie (D:6)
  2 hounds
  A jelly (D:7)
  A gnoll shaman (D:3)
  4 orc priests
  6 orc wizards
  An iguana (D:4)
  4 worker ants (D:4)
  A hound zombie (D:5)
  A worker ant zombie (D:5)
  44 gnolls
  5 adders
  2 oozes
  An adder skeleton (D:3)
  An adder zombie (D:3)
  5 worms
  4 dart slugs
  7 leopard geckos
  21 orcs
  7 bats
  4 giant cockroaches
  11 goblins
  9 hobgoblins
  20 jackals
  4 kobolds
  3 quokkas
  A ball python skeleton (D:3)
  5 frilled lizards
  2 leopard gecko skeletons (D:3)
  A leopard gecko zombie (D:3)
  A quokka skeleton (D:4)
  11 rats
204 creatures vanquished.

Notes
Turn   | Place    | Note
-------+----------+-------------------------------------------
     0 | D:1      | Plug the Felid Venom Mage began the quest for the Orb.
     0 | D:1      | Reached XP level 1. HP: 7/7 MP: 4/4
   454 | D:1      | Reached XP level 2. HP: 8/11 MP: 6/6
   458 | D:1      | Learned a level 2 spell: Poisonous Vapours
  1985 | D:2      | Reached XP level 3. HP: 15/15 MP: 7/7
  2332 | D:2      | Reached skill level 1 in Conjurations
  3323 | D:2      | Reached skill level 1 in Unarmed Combat
  3323 | D:2      | Reached skill level 1 in Air Magic
  3336 | D:2      | Reached XP level 4. HP: 8/18 MP: 2/8
  3601 | D:2      | You fall through a shaft!
  5232 | D:3      | Reached XP level 5. HP: 21/21 MP: 4/9
  5644 | D:3      | Learned a level 3 spell: Mephitic Cloud
  6018 | D:3      | Gained mutation: You are covered in thick fur. (AC +2)
                  | [Felid growth]
  6018 | D:3      | Reached XP level 6. HP: 25/25 MP: 6/11
  7753 | D:3      | Reached XP level 7. HP: 28/28 MP: 2/13
  8233 | D:4      | Reached skill level 1 in Fighting
  8354 | D:4      | Reached skill level 5 in Dodging
  9090 | D:4      | Reached XP level 8. HP: 33/33 MP: 8/16
  9702 | D:5      | Entered Level 5 of the Dungeon
  9726 | D:5      | Learned a level 4 spell: Olgreb's Toxic Radiance
  9826 | D:5      | Found an ancient bone altar of Kikubaaqudgha.
 10000 | D:5      | Found a shimmering altar of Xom.
 10171 | D:5      | Found a stormy altar of Qazlal.
 10399 | D:6      | Shot with an arrow by a centaur
 10400 | D:6      | Reached XP level 7. HP: -1/30 MP: 15/24
 10408 | D:6      | Reached skill level 5 in Spellcasting
 10408 | D:6      | Reached skill level 5 in Poison Magic
 11012 | D:6      | Found a runed door.
 11013 | D:6      | Noticed Gildeon's ghost (novice DEFE)
 11184 | D:6      | Found a runed door.
 11191 | D:6      | Found a radiant altar of Vehumet.
 11203 | D:6      | Killed from afar by an orc priest
 11204 | D:6      | Reached XP level 6. HP: -2/27 MP: 18/23
 11209 | D:6      | Reached XP level 7. HP: 30/30 MP: 15/15
 11382 | D:6      | Found a deep blue altar of Sif Muna.
 11470 | D:6      | Found Toygitus's Weapon Boutique.
 11786 | D:7      | Reached skill level 5 in Unarmed Combat
 12310 | D:5      | Found a glowing golden altar of the Shining One.
 12571 | D:7      | Reached XP level 8. HP: 32/34 MP: 17/17
 12597 | D:7      | Found a staircase to the Ecumenical Temple.
 12870 | D:7      | Slain by a wight

Vault maps used:
D:1:      giann_horns
D:2:      minmay_three_crescents
D:3:      lemuel_castle_with_subvaults, serial_undead, serial_undead_e,
          serial_undead_f, serial_undead_f, serial_undead_b, serial_undead_e,
          serial_undead_c
D:4:      cheibrodos_greedy_goblins, first_ration, minmay_starry_boxes
D:5:      nicolae_qazlal_eye_of_the_storm, nicolae_overflow_hidden_temple,
          minmay_misc_feat_pillars
D:6:      led_sif_book, vehumet_altar_wand_db, ebering_ghost_sewer_f,
          serial_shops, nicolae_shop_trees
D:7:      lemuel_coloured_pillars_altar, temple_statues

Skill      XL: |  1  2  3  4  5  6  7  8 |
---------------+-------------------------+-----
Poison Magic   | 3 4 5 |  5.6
Dodging        | 3 4 5 |  5.5
Conjurations   | 1 2 3 |  3.0
Unarmed Combat | 1 2 5 4 |  5.3
Air Magic      | 1 2 |  2.1
Spellcasting   | 3 5 |  5.7
Fighting       | 3 2 |  3.4
Stealth        | |  2.6

Action                   |  1- 3 |  4- 6 |  7- 9 || total
-------------------------+-------+-------+-------++-------
Melee: Unarmed           |   141 |   243 |   262 ||   646
       Bite              |     7 |    26 |    17 ||    50
       Punch             |       |     1 |     6 ||     7
 Cast: Sting             |     3 |     3 |       ||     6
       Poisonous Vapours |    15 |    90 |   119 ||   224
  Use: Scroll            |       |       |    10 ||    10
 Stab: Sleeping          |     9 |     8 |     1 ||    18
       Distracted        |     2 |       |     1 ||     3
  Eat: Chunk             |    13 |    20 |    14 ||    47
Armor: Skin              |     7 |    20 |    28 ||    55
Dodge: Dodged            |   131 |   233 |   208 ||   572

Table legend:
 A = Non-vault XP
 B = Vault XP
 C = Vault XP percentage of total XP
 D = Non-vault monster count
 E = Vault monster count
 F = Vault count percentage of total count
                 A         B        C        D         E       F
            +---------+---------+-------+---------+---------+-------
      Total |    1952 |    1040 |  34.8 |     122 |      82 |  40.2
            +---------+---------+-------+---------+---------+-------
        D:1 |      39 |       0 |   0.0 |      20 |       0 |   0.0
        D:2 |      53 |      41 |  43.6 |      22 |       7 |  24.1
        D:3 |     191 |     710 |  78.8 |      28 |      56 |  66.7
        D:4 |     339 |     207 |  37.9 |      14 |      16 |  53.3
        D:5 |     241 |       0 |   0.0 |       7 |       0 |   0.0
        D:6 |     657 |      82 |  11.1 |      19 |       3 |  13.6
        D:7 |     432 |       0 |   0.0 |      12 |       0 |   0.0
            +---------+---------+-------+---------+---------+-------
